 Dungeon Crawl Stone Soup version 0.24.0-13-gcf9b319 (webtiles) character file.

Game seed: 10284895561746859716, levelgen mode: deterministic

1411 Fang the Shield-Bearer (level 8, -17/78 HPs)
             Began as a Gargoyle Fighter on Dec 20, 2019.
             Was a Believer of Trog.
             Demolished by a two-headed ogre
             ... wielding a +0 giant club
              (23 damage)
             ... on level 8 of the Dungeon.
             The game lasted 00:05:48 (6267 turns).

Fang the Shield-Bearer (Gargoyle Fighter)           Turns: 6267, Time: 00:05:48

Health: -17/78     AC: 13    Str: 27    XL:     8   Next: 70%
Magic:  0/17       EV:  8    Int:  9    God:    Trog [**....]
Gold:   405        SH: 11    Dex:  9    Spells: 7/7 levels left

rFire    . . .     SeeInvis .   a - +1 war axe
rCold    . . .     Gourm    .   B - +0 shield
rNeg     + . .     Faith    .   b - +0 scale mail
rPois    ∞         Spirit   +   (no helmet)
rElec    +         Reflect  .   f - scarf {Spirit}
rCorr    .         Harm     .   (no gloves)
MR       .....                  (no boots)
Stlth    ..........             g - amulet of rage
HPRegen  0.23/turn              m - ring of magical power
MPRegen  0.15/turn              (no ring)

@: berserking (expiring), very quick
A: negative energy resistance 1, electricity resistance, unbreathing,
petrification resistance, rot immunity, AC +5
a: Berserk, Trog's Hand, Renounce Religion, Evoke Berserk Rage


You were on level 8 of the Dungeon.
You worshipped Trog.
Trog was pleased with you.
You were hungry.

You visited 2 branches of the dungeon, and saw 9 of its levels.

You collected 405 gold pieces.

Inventory:

Hand Weapons
 a - a +1 war axe (weapon)
Armour
 b - a +0 scale mail (worn)
 f - a scarf of spirit shield (worn)
 B - a +0 shield (worn)
Jewellery
 g - an amulet of rage (around neck)
 m - a ring of magical power (left hand)
Wands
 n - a wand of flame (19)
 q - a wand of paralysis (11)
Scrolls
 e - 5 scrolls of identify
 h - 3 scrolls of teleportation
 i - 3 scrolls of remove curse
 s - a scroll of fear {unknown}
Potions
 d - 3 potions of might
 j - a potion of invisibility
 k - 2 potions of mutation {unknown}
 o - 4 potions of curing
 p - a potion of brilliance {unknown}
 r - 3 potions of heal wounds
 t - a potion of magic {unknown}
Comestibles
 c - 8 rations
 l - 6 chunks of flesh


   Skills:
 + Level 6.6 Fighting
 + Level 5.0 Axes
 + Level 6.5 Armour
 + Level 6.6 Shields


You had 7 spell levels left.
You didn't know any spells.
Your spell library was empty.

Dungeon Overview and Level Annotations

Branches:
Dungeon (8/15)             Temple (1/1) D:6
   Lair: D:8-11

Altars:
Elyvilon
Fedhas
Gozag
Hepliaklqana
Kikubaaqudgha
Makhleb
Nemelex Xobeh
Okawaru
Qazlal
Sif Muna
Trog
Uskayaw
Vehumet

Shops:
D:6 !

Annotations:
D:6 3 runed translucent doors, Southernist's ghost, amateur GrEE


Innate Abilities, Weirdness & Mutations

You are resistant to torment.
Your stone body is resilient. (AC +5)
You are immune to poison.
You resist negative energy. (rN+)
You are resistant to electric shocks. (rElec)
You can survive without breathing.
You are immune to petrification.
You are immune to rotting.


Message History

* * * LOW HITPOINT WARNING * * *
The two-headed ogre hits you but does no damage.
You slash the two-headed ogre!
The two-headed ogre is almost dead.
The crimson imp blinks!
You are too injured to fight recklessly!
You barely miss the two-headed ogre.
The two-headed ogre is almost dead.
The two-headed ogre hits you with a +0 giant club!
* * * LOW HITPOINT WARNING * * *
You block the two-headed ogre's attack.
You are too injured to fight recklessly!
You closely miss the two-headed ogre.
The two-headed ogre is almost dead.
The two-headed ogre barely misses you.
The two-headed ogre hits you but does no damage.
You barely miss the two-headed ogre.
The two-headed ogre is almost dead.
The two-headed ogre hits you with a +0 giant club!!
You die...

.........#
..........
...5.....#
.........#
.........#
.........#
......††.#
......O@.##
..........#
........#.#
#......##.##
####### #######
#..#######......
##.##......#####
#.##.######
#....# ######


You could see a two-headed ogre and a crimson imp.

Vanquished Creatures
  A water moccasin (D:8)
  An ice beast (D:8)
  2 necrophages (D:8)
  A centaur (D:5)
  A bullfrog (D:8)
  A scorpion (D:5)
  A crimson imp (D:8)
  A centaur zombie (D:6)
  A bullfrog zombie (D:6)
  A jelly (D:6)
  2 orc priests
  A centaur skeleton (D:6)
  A hound (D:6)
  3 worker ants
  2 bullfrog skeletons (D:5)
  An iguana (D:8)
  5 orc wizards
  A killer bee zombie (D:5)
  8 gnolls
  5 adders
  A shadow imp (D:5)
  An ooze (D:6)
  An adder skeleton (D:4)
  6 worms
  2 dart slugs
  8 leopard geckos
  19 orcs
  7 bats
  6 giant cockroaches
  4 goblins
  11 hobgoblins
  11 jackals
  8 quokkas
  4 kobolds
  11 rats
140 creatures vanquished.

Vanquished Creatures (others)
  A quokka (D:5)
1 creature vanquished.

Grand Total: 141 creatures vanquished

Notes
Turn   | Place    | Note
-------+----------+-------------------------------------------
     0 | D:1      | Fang the Gargoyle Fighter began the quest for the Orb.
     0 | D:1      | Reached XP level 1. HP: 14/14 MP: 1/1
   115 | D:1      | Reached XP level 2. HP: 19/19 MP: 2/2
   584 | D:2      | Reached XP level 3. HP: 21/23 MP: 3/3
   782 | D:2      | Found a hazy altar of Hepliaklqana.
   992 | D:2      | Found a faded altar of an unknown god.
  1002 | D:2      | Reached XP level 4. HP: 28/29 MP: 4/4
  1071 | D:2      | Found an iron altar of Okawaru.
  1530 | D:3      | HP: 1/29 [orc wizard/+0 dagger (3)]
  1934 | D:3      | Reached XP level 5. HP: 33/33 MP: 5/5
  2225 | D:4      | Found a bloodstained altar of Trog.
  2233 | D:4      | Became a worshipper of Trog the Wrathful
  3223 | D:5      | Entered Level 5 of the Dungeon
  3232 | D:5      | Reached XP level 6. HP: 38/39 MP: 6/6
  3477 | D:5      | Reached * piety under Trog
  3518 | D:4      | HP: 2/40 [something (1)]
  3856 | D:5      | Found a white marble altar of Elyvilon.
  3864 | D:5      | Reached skill level 5 in Shields
  3865 | D:5      | Reached skill level 5 in Fighting
  3882 | D:5      | Reached skill level 5 in Armour
  3882 | D:5      | Reached XP level 7. HP: 43/44 MP: 7/7
  3943 | D:5      | Found a hide-covered altar of Uskayaw.
  4048 | D:5      | Found a stormy altar of Qazlal.
  4064 | D:5      | Found a shimmering blue altar of Sif Muna.
  4492 | D:6      | Found a runed translucent gate.
  4493 | D:6      | Found a runed translucent gate.
  4513 | D:6      | Found a runed translucent gate.
  4548 | D:6      | Noticed Southernist's ghost (amateur GrEE)
  4615 | D:6      | Found a radiant altar of Vehumet.
  5046 | D:6      | Found a burning altar of Makhleb.
  5046 | D:6      | Found a blossoming altar of Fedhas.
  5047 | D:6      | Found an ancient bone altar of Kikubaaqudgha.
  5083 | D:6      | Found a staircase to the Ecumenical Temple.
  5086 | D:6      | Reached ** piety under Trog
  5093 | Temple   | Entered the Ecumenical Temple
  5234 | D:6      | Found Byhaf's Distillery.
  5529 | D:7      | Found a sparkling altar of Nemelex Xobeh.
  5831 | D:7      | Found an opulent altar of Gozag.
  6044 | D:8      | Reached XP level 8. HP: 51/51 MP: 8/8
  6249 | D:8      | Noticed a two-headed ogre
  6263 | D:8      | Reached skill level 5 in Axes
  6267 | D:8      | Demolished by a two-headed ogre

Levels and vault maps discovered:
D:1:      wander_arrival_chamber, layout_loops_ring
D:2:      layout_basic, lemuel_crystal_altar, overflow_temple_1_default,
          chequers_ecumenical_altar_simple, hangedman_decor_diamond_cutter,
          minmay_tripent
D:3:      layout_loops_ring, kennysheep_generic_room_5
D:4:      layout_basic, kennysheep_little_box, first_ration
D:5:      layout_loops_ring, led_sif_book, elyvilon_altar_4,
          nicolae_overflow_crystal_walls, kennysheep_mini_moat,
          minmay_liquid_box
D:6:      layout_loops_ring, vehumet_altar_wand_db,
          gammafunk_temple_overflow_claw, minmay_temple_entry_statues_pillars,
          serial_shops, shop, gammafunk_ghost_split, nicolae_sextant,
          sigmund_army
D:7:      layout_cave_pods, nemelex_xobeh_ov_fountains_minmay,
          overflow_temple_1_default
D:8:      layout_rooms, uniq_erica, uniq_joseph, uniq_psyche
Temple:   corrupted_temple

Skill      XL: |  1  2  3  4  5  6  7  8 |
---------------+-------------------------+-----
Axes           | 2 3 4 5 |  5.0
Shields        | 4 5 6 |  6.6
Fighting       | 4 5 6 |  6.6
Armour         | 4 5 6 |  6.5

Action                   |  1- 3 |  4- 6 |  7- 9 || total
-------------------------+-------+-------+-------++-------
Melee: War axe           |   159 |   273 |   143 ||   575
Invok: Berserk           |       |       |     2 ||     2
  Use: Scroll            |       |     8 |     3 ||    11
       Potion            |       |     1 |       ||     1
  Eat: Chunk             |     1 |     9 |     9 ||    19
Armor: Scale mail        |    89 |   216 |   100 ||   405
Dodge: Dodged            |    65 |   102 |    83 ||   250
Block: Shield            |    87 |   171 |   104 ||   362
